 Dungeon Crawl Stone Soup version 0.23-a0-767-gdc19b93d68 (webtiles) character file.

37 Hercules1031 the Skirmisher (level 3, -3/40 HPs)
             Began as an Ogre Fighter on Jan 19, 2019.
             Slain by an adder (4 damage)
             ... on level 2 of the Dungeon.
             The game lasted 00:02:32 (1246 turns).

Hercules1031 the Skirmisher (Ogre Fighter)          Turns: 1246, Time: 00:02:33

Health: -3/40      AC:  3    Str: 26    XL:     3   Next: 39%
Magic:  3/3        EV:  8    Int:  9    God:
Gold:   35         SH:  8    Dex:  8    Spells: 2/2 levels left

rFire    . . .     SeeInvis .   a - +0 flail
rCold    . . .     Gourm    .   c - +0 shield
rNeg     . . .     Faith    .   b - +0 robe
rPois    .         Spirit   .   (helmet restricted)
rElec    .         Reflect  .   (no cloak)
rCorr    .         Harm     .   (gloves unavailable)
MR       .....                  (boots unavailable)
Stlth    +.........             (no amulet)
HPRegen  0.13/turn              (no ring)
MPRegen  0.08/turn              (no ring)

@: mighty, lethally poisoned (-3 -> -4)
A: large, unfitting armour, tough skin 1
a: no special abilities


You were on level 2 of the Dungeon.
You were not hungry.

You visited 1 branch of the dungeon, and saw 2 of its levels.

You collected 35 gold pieces.

Inventory:

Hand Weapons
 a - a +0 flail (weapon)
Armour
 b - a +0 robe (worn)
 c - a +0 shield (worn)
Scrolls
 e - a scroll of blinking {unknown}
 g - a scroll of teleportation {unknown}
 h - a scroll of remove curse {unknown}
Comestibles
 f - 2 rations


   Skills:
 + Level 4.5 Fighting
 * Level 2.7 Maces & Flails
 + Level 3.0 Dodging
 - Level 2.6 Shields


You had 2 spell levels left.
You didn't know any spells.
Your spell library was empty.

Dungeon Overview and Level Annotations

Branches:
Dungeon (2/15)

Altars:


Innate Abilities, Weirdness & Mutations

You are too large for most types of armour.
You have tough skin. (AC +1)


Message History

The adder bites you but does no damage. The rat bites you but does no damage.
The adder bites you.
* * * LOW HITPOINT WARNING * * *
You block the adder's attack.
Unknown command.
The adder hisses angrily.
You bludgeon the adder!!
You kill the adder!
You feel sick. The rat bites you but does no damage. The adder bites you.
* * * LOW HITPOINT WARNING * * *
You block the rat's attack.
You closely miss the adder. The adder bites you.
* * * LOW HITPOINT WARNING * * *
The rat bites you but does no damage. You block the adder's attack.
Found 14 gold pieces.
* * * LOW HITPOINT WARNING * * *
You feel sick. The worm bites you but does no damage.
The adder bites you but does no damage. The adder bites you.
You die...

##...##.##.#
.#.......%.........
.$................# #
#................#
#.#................#####
#................)....†.
#............[.....#.##.
#.......S............##.
.......@Sr.†††#.........
.......w....)#.....#####
#.......#....†.#...# ...
#.......%.....#.......##
#.....(......##..##...#
####.....##......# ..!..
#....?###.#..S. .....
#..##.# #....... .$..
..#..


You could see a worm, 2 adders and a rat.

Vanquished Creatures
  An adder (D:2)
  A leopard gecko (D:1)
  2 bats (D:1)
  A giant cockroach (D:2)
  5 goblins
  6 hobgoblins
  A quokka (D:2)
  A frilled lizard (D:2)
  4 kobolds
  4 rats
26 creatures vanquished.

Notes
Turn   | Place    | Note
-------+----------+-------------------------------------------
     0 | D:1      | Hercules1031 the Ogre Fighter began the quest for the Orb.
     0 | D:1      | Reached XP level 1. HP: 24/24 MP: 1/1
    48 | D:1      | Reached XP level 2. HP: 6/32 MP: 2/2
  1214 | D:2      | Reached XP level 3. HP: 39/40 MP: 3/3
  1243 | D:2      | HP: 2/40 [adder (3)]
  1246 | D:2      | Slain by an adder

Vault maps used:
D:1:      psy_arrival_dodecagon, minmay_pentomino_q2

Skill      XL: |  1  2 |
---------------+-------+-----
Maces & Flails | 2 |  2.7
Dodging        | 3 |  3.0
Fighting       | |  4.5
Shields        | |  2.6

Action                   || total
-------------------------++-------
Melee: Flail             ||    72
  Use: Potion            ||     1
  Eat: Ration            ||     1
Armor: Robe              ||    40
Dodge: Dodged            ||    40
Block: Shield            ||    47

Table legend:
 A = Non-vault XP
 B = Vault XP
 C = Vault XP percentage of total XP
 D = Non-vault monster count
 E = Vault monster count
 F = Vault count percentage of total count
                 A         B        C        D         E       F
            +---------+---------+-------+---------+---------+-------
      Total |      49 |       4 |   7.5 |      24 |       2 |   7.7
            +---------+---------+-------+---------+---------+-------
        D:1 |      26 |       4 |  13.3 |      16 |       2 |  11.1
        D:2 |      23 |       0 |   0.0 |       8 |       0 |   0.0
            +---------+---------+-------+---------+---------+-------
